 Dungeon Crawl Stone Soup version 0.26.0-10-g1f06aea511 (webtiles) character file.

Game seed: 17132867248162872251

960 MisterFreud the Spear-Bearer (level 7, 0/61 HPs)
             Began as a Minotaur Fighter on Jan 17, 2021.
             Slain by an ogre
             ... wielding a +0 giant club
              (21 damage)
             ... on level 5 of the Dungeon.
             The game lasted 00:04:41 (4870 turns).

MisterFreud the Spear-Bearer (Minotaur Fighter)     Turns: 4870, Time: 00:04:42

Health: 0/61       AC: 11    Str: 22    XL:     7   Next: 92%
Magic:  0/6        EV:  6    Int:  6    God:
Gold:   437        SH: 10    Dex:  9    Spells: 6/6 levels left

rFire    + . .     SeeInvis .   a - +0 trident
rCold    + . .     Faith    .   c - +0 kite shield
rNeg     . . .     Spirit   +   w - +0 chain mail
rPois    .         Reflect  .   (helmet restricted)
rElec    .         Harm     .   u - scarf {rC+ rF+}
rCorr    +         Rampage  .   (no gloves)
Will     +....                  l - +0 pair of boots
Stlth    ..........             y - amulet of guardian spirit
HPRegen  0.20/turn              j - ring of resist corrosion
MPRegen  0.10/turn              x - ring of willpower

@: no status effects
A: retaliatory headbutt, horns 2
a: no special abilities


You were on level 5 of the Dungeon.
You visited 1 branch of the dungeon, and saw 5 of its levels.

You collected 437 gold pieces.

Inventory:

Hand Weapons
 a - a +0 trident (weapon)
Armour
 b - a +0 scale mail
 c - a +0 kite shield (worn)
 l - a +0 pair of boots (worn)
 u - a scarf of resistance (worn)
 w - a +0 chain mail (worn)
Jewellery
 j - a ring of resist corrosion (left hand)
 x - a ring of willpower (right hand)
 y - an amulet of guardian spirit (around neck)
Scrolls
 e - a scroll of fog {unknown}
 g - 2 scrolls of amnesia {unknown}
 k - 7 scrolls of remove curse {unknown}
 m - a scroll of immolation {unknown}
 q - 2 scrolls of teleportation {unknown}
 r - 4 scrolls of identify {unknown}
 s - a scroll of enchant weapon {unknown}
 A - 2 scrolls of enchant armour {unknown}
 B - a scroll of magic mapping {unknown}
Potions
 d - 2 potions of might
 f - a potion of experience {unknown}
 h - 2 potions of flight {unknown}
 i - a potion of invisibility {unknown}
 n - 2 potions of attraction {unknown}
 o - a potion of lignification {unknown}
 p - a potion of brilliance {unknown}
 t - 2 potions of degeneration {unknown}
 v - a potion of mutation {unknown}
 z - a potion of heal wounds {unknown}


   Skills:
 + Level 5.2 Fighting
 * Level 9.1 Polearms
 + Level 5.1 Armour
 + Level 5.1 Shields


You had 6 spell levels left.
You didn't know any spells.
Your spell library was empty.

Dungeon Overview and Level Annotations

Branches:
Dungeon (5/15)
 Temple: D:4-7

Altars:
Ashenzari
Gozag
Qazlal
Vehumet
Wu Jian
Zin


Innate Abilities, Weirdness & Mutations

You reflexively headbutt those who attack you in melee.
You have a pair of horns on your head.


Message History

You puncture the adder skeleton!
You destroy the adder skeleton!
You hit the ogre but do no damage. Your headbutt misses the ogre.
The ogre is moderately wounded.
The ogre hits you with a +0 giant club!
You hit the ogre.
The ogre is heavily wounded.
You block the ogre's attack.
You hit the ogre but do no damage.
The ogre is heavily wounded.
You hit the ogre but do no damage.
The ogre is heavily wounded.
You block the ogre's attack.
You puncture the ogre! Your headbutt misses the ogre.
The ogre is severely wounded.
You block the ogre's attack.
You barely miss the ogre.
The ogre is severely wounded.
The ogre hits you with a +0 giant club!!
You die...

#.#####..#..#..#####.#..
######.#......#..#......#....
#####....#.#......#..#......#.#.#
...........#..#####..#####..#....
.......<...#......#..#......#.#.#
...........#......#..#..†...#....
...........#####..#..#..#####...#
...)......>#$.$#..#..#..#.(.#...#
...(.......#$)?#@.#..#.(#.8.#.###
...........#).$O..#..#..))..#...#
...#.#####.########..########.###
.#.......................###.....
............#....#######..##.....
.....######.#....# ##.##.####
.......# #.#....# #........
.......# ###....# #........
.#.....# #....########........


You could see an ogre.

Vanquished Creatures
  2 centaurs
  A howler monkey (D:5)
  2 orc priests
  A jelly (D:5)
  2 hounds (D:4)
  A centaur skeleton (D:4)
  2 iguanas
  Natasha (thrice) (D:4)
  4 orc wizards
  5 worker ants
  5 adders
  4 gnolls (D:5)
  A white imp (D:5)
  An ufetubus (D:5)
  3 oozes
  2 adder skeletons
  An adder zombie (D:5)
  3 worms
  2 dart slugs (D:1)
  3 leopard geckos
  13 orcs
  6 giant cockroaches
  11 goblins
  9 hobgoblins
  13 jackals
  10 kobolds
  A quokka (D:2)
  4 ball pythons
  3 bats
  4 frilled lizards
  A giant cockroach zombie (D:5)
  A leopard gecko skeleton (D:5)
  2 quokka skeletons
  2 quokka zombies (D:5)
  11 rats
139 creatures vanquished.

Notes
Turn   | Place    | Note
-------+----------+-------------------------------------------
     0 | D:1      | MisterFreud the Minotaur Fighter began the quest for the
                  | Orb.
     0 | D:1      | Reached XP level 1. HP: 19/19 MP: 0/0
    19 | D:1      | Reached skill level 3 in Polearms
    77 | D:1      | Reached XP level 2. HP: 22/26 MP: 1/1
   291 | D:1      | Reached skill level 4 in Polearms
   536 | D:1      | Reached XP level 3. HP: 31/31 MP: 2/2
   951 | D:2      | Reached skill level 5 in Polearms
   992 | D:2      | Found an ornate altar of the Wu Jian Council.
  1111 | D:2      | Reached XP level 4. HP: 39/39 MP: 3/3
  1590 | D:4      | Reached skill level 6 in Polearms
  1749 | D:3      | Reached XP level 5. HP: 45/45 MP: 4/4
  1827 | D:3      | Found a glowing silver altar of Zin.
  1957 | D:3      | Reached skill level 7 in Polearms
  2684 | D:3      | Reached XP level 6. HP: 46/51 MP: 5/5
  2852 | D:4      | Reached skill level 8 in Polearms
  2871 | D:4      | Noticed Natasha
  2878 | D:4      | Killed Natasha
  2908 | D:4      | Found a radiant altar of Vehumet.
  2923 | D:4      | Noticed Natasha
  2930 | D:4      | Killed Natasha
  3316 | D:4      | Reached XP level 7. HP: 26/60 MP: 6/6
  3651 | D:4      | Noticed Natasha
  3656 | D:4      | Killed Natasha
  3808 | D:4      | Found a stormy altar of Qazlal.
  3819 | D:5      | Entered Level 5 of the Dungeon
  4367 | D:5      | Found a broken altar of Ashenzari.
  4370 | D:5      | Found an opulent altar of Gozag.
  4602 | D:5      | Reached skill level 5 in Fighting
  4722 | D:5      | Reached skill level 5 in Armour
  4722 | D:5      | Reached skill level 5 in Shields
  4764 | D:5      | Reached skill level 9 in Polearms
  4870 | D:5      | Slain by an ogre

Illustrated notes

Levels and vault maps discovered:
D:1:      amcnicky_arrival_double_pillar, layout_basic
D:2:      layout_basic, pdpol_wu_jian_five_deadly_venoms,
          kennysheep_generic_room_13
D:3:      layout_basic, lemuel_crystal_altar
D:4:      layout_rooms, vehumet_altar_wand_db, serial_glass, glass_columns_b,
          glass_columns_a, nicolae_qazlal_eye_of_the_storm, uniq_natasha
D:5:      kennysheep_windowed_halls, layout_basic,
          chequers_temple_overflow_statue_of_worship,
          minmay_misc_feat_more_columns, kennysheep_path_1

Skill      XL: |  1  2  3  4  5  6  7 |
---------------+----------------------+-----
Polearms       | 3 4 5 6 7 8 9 |  9.1
Fighting       | 4 5 |  5.2
Armour         | 4 5 |  5.1
Shields        | 4 5 |  5.1

Action                   |  1- 3 |  4- 6 |  7- 9 || total
-------------------------+-------+-------+-------++-------
Melee: Trident           |   111 |   195 |   117 ||   423
       Headbutt          |    10 |    24 |    17 ||    51
 Stab: Distracted        |       |     1 |     1 ||     2
Armor: Scale mail        |    35 |    49 |     3 ||    87
       Chain mail        |       |       |    35 ||    35
Dodge: Dodged            |    36 |    34 |    12 ||    82
Block: Kite shield       |    44 |    50 |    35 ||   129
